 Dungeon Crawl Stone Soup version 0.20.0-15-g7f486f2 (webtiles) character file.

677 greprep the Covert (level 7, -1/33 HPs)
             Began as a Spriggan Enchanter on June 17, 2017.
             Was an Initiate of Ashenzari.
             Slain by a bullfrog skeleton (2 damage)
             ... on level 4 of the Dungeon.
             The game lasted 00:11:54 (5616 turns).

greprep the Covert (Spriggan Enchanter)             Turns: 5616, Time: 00:11:55

Health: -1/33      AC:  1    Str:  9      XL:     7   Next: 33%
Magic:  14/22      EV: 19    Int: 19      God:    Ashenzari [......]
Gold:   156        SH:  0    Dex: 17 (18) Spells: 8/14 levels left

rFire    . . .     SeeInvis +   s - +0 dagger (drain)
rCold    . . .     Gourm    .   (shield restricted)
rNeg     . . .     Faith    .   b - +0 robe
rPois    .         Spirit   .   (helmet restricted)
rElec    .         Reflect  .   (no cloak)
rCorr    .         Harm     .   (gloves unavailable)
MR       +....                  (boots unavailable)
Stlth    +++++.....             (no amulet)
Regen    0.2/turn               k - ring of wizardry
MPRegen  0.2/turn               r - ring of magical power

@: mighty, lethally poisoned (-1 -> -11), hasted, very quick
A: unfitting armour, see invisible, clever 1, deformed body, herbivore 3, speed
3, low mp 1, slow metabolism 2
a: Curse Item, Renounce Religion


You were on level 4 of the Dungeon.
You worshipped Ashenzari.
Ashenzari was noncommittal.
You were not hungry.

You visited 1 branch of the dungeon, and saw 4 of its levels.

You collected 156 gold pieces.

Inventory:

Hand Weapons
 s - a +0 dagger of draining (weapon)
Armour
 b - a +0 robe (worn)
Jewellery
 k - a ring of wizardry (left hand)
 p - an uncursed ring of protection from cold
 r - a ring of magical power (right hand)
Scrolls
 a - a scroll of fear {unknown}
 e - 2 scrolls of amnesia {unknown}
 g - 2 scrolls of magic mapping
 h - 2 scrolls of remove curse
 i - 2 scrolls of identify {unknown}
 j - 2 scrolls of recharging {unknown}
 l - a scroll of enchant weapon {unknown}
 n - a scroll of random uselessness {unknown}
 q - a scroll of teleportation {unknown}
 t - a scroll of immolation {unknown}
Books
 c - a book of Maledictions

   Spells                             Type                      Level
   a - Corona                         Hexes                        1
   b - Ensorcelled Hibernation        Hexes/Ice                    2
   c - Confuse                        Hexes                        3
   d - Tukima's Dance                 Hexes                        3
   e - Dazzling Spray                 Conjuration/Hexes            3
Comestibles
 d - 3 bread rations
 o - 3 fruits


   Skills:
 + Level 1.0 Fighting
 + Level 2.5 Short Blades
 + Level 4.1 Dodging
 * Level 10.2 Stealth
 + Level 4.2 Spellcasting
 + Level 4.7 Hexes
 + Level 1.0 Ice Magic


You had 8 spell levels left.
You knew the following spells:

 Your Spells              Type           Power        Failure   Level  Hunger
a - Corona                Hex            ###....      1%          1    None
b - Ensorcelled Hibernat  Hex/Ice        ###...       2%          2    #......
c - Confuse               Hex            ###.....     2%          3    ###....


Dungeon Overview and Level Annotations

Branches:
Dungeon (4/15)
 Temple: D:4-7

Altars:
Ashenzari
Fedhas
Kikubaaqudgha
Makhleb


Innate Abilities, Weirdness & Mutations

You are very small and have problems with some larger weapons.
You are too small for most types of armour.
You have supernaturally acute eyesight. (SInv)
You are a herbivore.
You cover ground extremely quickly.
You need consume almost no food.
Your mind is acute. (Int +2)
Armour fits poorly on your strangely shaped body.
Your magical capacity is low. (-10% MP)


Message History

* * * LOW HITPOINT WARNING * * *
You puncture the bullfrog skeleton!
The bullfrog skeleton is moderately damaged.
Casting: Confuse
Confirm with . or Enter, or press ? or * to list all spells.
Aiming: Confuse
Press: ? - help, Shift-Dir - straight line, f - bullfrog skeleton
Aim: a bullfrog skeleton (moderately damaged, chance to defeat MR: 64%)
The bullfrog skeleton struggles to resist.
* * * LOW HITPOINT WARNING * * *
You feel sick. The bullfrog skeleton hits you.
* * * LOW HITPOINT WARNING * * *
You aren't carrying any potions.
Unknown command.
As you read the scroll labeled IRAARU PEUWOIS, it crumbles to dust.
You feel aware of your surroundings.
You sensed 1 altar.
It was a scroll of magic mapping.
* * * LOW HITPOINT WARNING * * *
You feel sick. The bullfrog skeleton hits you.
You die...

#*##.## *..#**,,,,,,,,,,,,,,,,,,
.##..# *#..,,,,,.......,,,,,,,,,
.....# #..*****,.......,,,,,,,,,
#....# ##.#* ##.......,,,,,,,,,
#<...# #..# ##........,,,,,,,,,
##...###..# ##.........,,,,,,,,,
..........####..........,,,,,,,,,
........................,,,,,,,,,
...............Z@.......,,,,,,,,,
........................,,,,,,,,,
##........>.............,,,,,,,,,
###.............##......,,,,,,,,,
..............###*.....#***,,,,,,
..............#* *....## **,,,,,
.........<.....#**,..## **,,,,
.................,,..# **,,,
..................,,** **,,


You could see a bullfrog skeleton.

Vanquished Creatures
  Sigmund (D:2)
  The ghost of ThereIsNoGod the Magician, an amateur SpEE (D:4)
  A water moccasin skeleton (D:4)
  2 orc priests
  Natasha (thrice) (D:2)
  Terence (D:2)
  A worker ant (D:4)
  3 gnolls (D:4)
  7 adders
  An ooze (D:3)
  2 worms
  A dart slug (D:1)
  4 leopard geckos
  8 orcs
  5 giant cockroaches
  5 goblins
  10 hobgoblins
  6 jackals
  A quokka (D:3)
  7 bats (D:1)
  8 kobolds
  10 rats
88 creatures vanquished.

Notes
Turn   | Place    | Note
-------+----------+-------------------------------------------
     0 | D:1      | greprep the Spriggan Enchanter began the quest for the Orb.
     0 | D:1      | Reached XP level 1. HP: 9/9 MP: 5/5
   178 | D:1      | Reached XP level 2. HP: 7/13 MP: 6/6
   221 | D:1      | Learned a level 2 spell: Ensorcelled Hibernation
   376 | D:1      | Reached skill level 5 in Stealth
  1052 | D:1      | Reached XP level 3. HP: 16/16 MP: 5/8
  1216 | D:1      | Learned a level 3 spell: Confuse
  1414 | D:2      | Found a blossoming altar of Fedhas.
  1493 | D:2      | Reached skill level 6 in Stealth
  1610 | D:2      | Noticed Terence
  1617 | D:2      | Killed Terence
  1617 | D:2      | Reached XP level 4. HP: 21/21 MP: 4/9
  1689 | D:2      | Noticed Natasha
  2128 | D:2      | Found a shattered altar of Ashenzari.
  2369 | D:2      | Noticed Sigmund
  2382 | D:2      | Killed Sigmund
  2382 | D:2      | Reached skill level 8 in Stealth
  2382 | D:2      | Reached XP level 5. HP: 14/25 MP: 1/11
  2579 | D:2      | Killed Natasha
  2579 | D:2      | Reached XP level 6. HP: 26/29 MP: 9/12
  2643 | D:2      | Found a burning altar of Makhleb.
  2736 | D:2      | Noticed Natasha
  3237 | D:2      | Reached skill level 1 in Fighting
  3307 | D:2      | Killed Natasha
  3323 | D:2      | Noticed Natasha
  3326 | D:2      | Killed Natasha
  3343 | D:2      | Became a worshipper of Ashenzari the Shackled
  3437 | D:3      | Found an ancient bone altar of Kikubaaqudgha.
  3593 | D:3      | HP: 1/30 [orc priest/whip (1)]
  3596 | D:3      | Gained mutation: Armour fits poorly on your strangely shaped body. [potion of mutation]
  3596 | D:3      | Gained mutation: Your magical capacity is low. (-10% MP) [potion of mutation]
  3596 | D:3      | Gained mutation: Your mind is acute. (Int +2) [potion of mutation]
  3600 | D:3      | Reached skill level 1 in Ice Magic
  4266 | D:3      | Reached skill level 9 in Stealth
  5430 | D:4      | Reached XP level 7. HP: 21/33 MP: 13/13
  5591 | D:4      | Noticed ThereIsNoGod's ghost (amateur SpEE)
  5612 | D:4      | Killed ThereIsNoGod's ghost
  5612 | D:4      | Reached skill level 10 in Stealth
  5615 | D:4      | HP: 1/33 [bullfrog skeleton (5)]
  5616 | D:4      | Slain by a bullfrog skeleton

Skill      XL: |  1  2  3  4  5  6  7 |
---------------+----------------------+-----
Stealth        | 5 6 8 9 10 | 10.2
Hexes          | 4 |  4.7
Spellcasting   | 3 4 |  4.2
Fighting       | 1 |  1.0
Ice Magic      | 1 |  1.0
Short Blades   | 2 |  2.5
Dodging        | 4 |  4.1

Action                   |  1- 3 |  4- 6 |  7- 9 || total
-------------------------+-------+-------+-------++-------
Melee: Dagger            |   117 |   170 |    15 ||   302
 Cast: Ensorcelled Hiber |    24 |    21 |     1 ||    46
       Confuse           |       |    11 |     3 ||    14
       Corona            |       |     2 |       ||     2
  Use: Potion            |       |     4 |     2 ||     6
       Scroll            |       |       |     1 ||     1
 Stab: Sleeping          |    24 |    26 |     3 ||    53
       Confused          |       |     6 |     1 ||     7
       Distracted        |       |       |     1 ||     1
  Eat: Bread ration      |       |     1 |       ||     1
Armor: Robe              |    21 |     5 |     1 ||    27
       Skin              |       |     4 |       ||     4
Dodge: Dodged            |   117 |   113 |    12 ||   242
